 Dungeon Crawl Stone Soup version 0.21.1-1-g345015f (webtiles) character file.

154 teukkam the Ruffian (level 5, -2/54 HPs)
             Began as a Troll Monk on June 10, 2018.
             Slain by a sky beast (6 damage)
             ... on level 5 of the Dungeon on June 11, 2018.
             The game lasted 00:06:19 (622 turns).

teukkam the Ruffian (Troll Monk)                     Turns: 622, Time: 00:06:20

Health: -2/54      AC:  5    Str: 20    XL:     5   Next: 13%
Magic:  4/4        EV: 10    Int:  6    God:
Gold:   56         SH:  0    Dex: 12    Spells: 4/4 levels left

rFire    . . .     SeeInvis .     - Unarmed
rCold    . . .     Gourm    +   (no shield)
rNeg     . . .     Faith    .   a - +0 robe
rPois    .         Spirit   .   (helmet restricted)
rElec    .         Reflect  .   (no cloak)
rCorr    .         Harm     .   (gloves unavailable)
MR       .....                  (boots unavailable)
Stlth    ++........             (no amulet)
HPRegen  0.58/turn              (no ring)
MPRegen  0.09/turn              (no ring)

@: no status effects
A: large, unfitting armour, claws 3, fast metabolism 3, gourmand, regeneration
1, shaggy fur 1, tough skin 2
a: no special abilities


You were on level 5 of the Dungeon.
You were full.

You visited 1 branch of the dungeon, and saw 5 of its levels.

You collected 56 gold pieces.

Inventory:

Hand Weapons
 f - a cursed -2 shortbow
Armour
 a - a +0 robe (worn)
Jewellery
 h - a +1 ring of protection {unknown}
Wands
 e - a wand of scattershot (2)
Scrolls
 d - a scroll of identify {unknown}
 j - a scroll of random uselessness {unknown}
Comestibles
 b - 4 rations


   Skills:
 + Level 3.8 Fighting
 - Level 2.4 Dodging
 - Level 1.0 Stealth
 + Level 4.6 Unarmed Combat


You had 4 spell levels left.
You didn't know any spells.

Dungeon Overview and Level Annotations

Branches:
Dungeon (5/15)
 Temple: D:4-7

Altars:
Cheibriados
Yredelemnul

Annotations:
D:2 Sigmund
D:3 Iko's ghost, weakling DEBe


Innate Abilities, Weirdness & Mutations

You are too large for most types of armour.
You have claws for hands.
Your metabolism is lightning-fast.
You like to eat raw meat.
Your natural rate of healing is unusually fast.
You are covered in fur. (AC +1)
You have very tough skin. (AC +2)


Message History

You destroy the bullfrog zombie!
You have reached level 5!
You scratch something. You barely miss something. Something hits you.
Something shocks you.
You claw something! Something hits you but does no damage.
You miss something. Something hits you but does no damage.
You scratch something but do no damage. Something hits you.
Something shocks you.
* * * LOW HITPOINT WARNING * * *
You aren't carrying any potions.
You miss something. Something hits you.
* * * LOW HITPOINT WARNING * * *
Something shocks you.
* * * LOW HITPOINT WARNING * * *
As you read the scroll labeled KIFOH DEHOLY, it crumbles to dust.
You feel blessed for a moment.
It was a scroll of remove curse.
Something hits you.
* * * LOW HITPOINT WARNING * * *
Something shocks you.
You die...

##.####
#......######
#......{@...#
#......####.#
#......
#.####
#%.....
#....#
#......
####.#
#...... #.#
#...>.. #.#
####### #.#
#####.#


There were no monsters in sight!

Vanquished Creatures
  A bullfrog zombie (D:5)
  A crimson imp (D:5)
  An iguana (D:5)
  Terence (D:3)
  An adder (D:2)
  3 dart slugs
  A giant cockroach (D:2)
  A goblin (D:1)
  3 hobgoblins
  5 jackals
  3 bats
  A frilled lizard (D:2)
  A kobold (D:1)
  3 rats
26 creatures vanquished.

Notes
Turn   | Place    | Note
-------+----------+-------------------------------------------
     0 | D:1      | teukkam the Troll Monk began the quest for the Orb.
     0 | D:1      | Reached XP level 1. HP: 22/22 MP: 0/0
    78 | D:2      | Found a basalt altar of Yredelemnul.
   119 | D:2      | Reached XP level 2. HP: 27/29 MP: 1/1
   328 | D:3      | Reached XP level 3. HP: 34/37 MP: 2/2
   417 | D:3      | Noticed Iko's ghost (weakling DEBe)
   432 | D:2      | Noticed Terence
   432 | D:2      | Noticed Sigmund
   443 | D:3      | Killed Terence
   443 | D:3      | Reached skill level 4 in Unarmed Combat
   502 | D:4      | Found a snail-covered altar of Cheibriados.
   513 | D:5      | Entered Level 5 of the Dungeon
   583 | D:5      | Reached XP level 4. HP: 42/45 MP: 3/3
   597 | D:5      | Noticed a sky beast
   615 | D:5      | Reached XP level 5. HP: 24/54 MP: 4/4
   622 | D:5      | Slain by a sky beast

Skill      XL: |  1  2  3 |
---------------+----------+-----
Fighting       | 3 |  3.8
Unarmed Combat | 4 |  4.6
Dodging        | |  2.4
Stealth        | |  1.0

Action                   |  1- 3 |  4- 6 || total
-------------------------+-------+-------++-------
Melee: Unarmed           |    75 |    22 ||    97
       Punch             |     1 |       ||     1
  Use: Potion            |     2 |       ||     2
       Scroll            |       |     1 ||     1
  Eat: Chunk             |     6 |     2 ||     8
Armor: Robe              |    24 |     5 ||    29
Dodge: Dodged            |    34 |    10 ||    44
